 Dungeon Crawl Stone Soup version 0.28-a0-1002-gf00fe891ef (webtiles) character file.

Game seed: 10804978444456259329

67 ytrimaz the Insei (level 4, -7/28 HPs)
             Began as an Octopode Transmuter on Dec 6, 2021.
             Killed by divine providence
             ... invoked by an orc priest
              (10 damage)
             ... on level 3 of the Dungeon.
             The game lasted 00:02:18 (2451 turns).

ytrimaz the Insei (Octopode Transmuter)             Turns: 2451, Time: 00:02:19

Health: -7/28      AC:  2    Str:  9    XL:     4   Next: 16%
Magic:  2/8        EV: 19    Int: 23    God:
Gold:   712        SH:  0    Dex: 17    Spells: 4/8 levels left

rFire   + . .      SeeInvis .     - Unarmed
rCold   + . .      Faith    .   (shield currently unavailable)
rNeg    . . .      Spirit   .   (helmet currently unavailable)
rPois   .          Reflect  .   (no amulet)
rElec   +          Harm     .   a - ring of poison resistance
rCorr   +          Rampage  .   c - +6 ring of intelligence
Will    .....                   (no ring)
Stlth   ++........              (no ring)
HPRegen 0.09/turn               (no ring)
MPRegen 0.11/turn               (no ring)
                                (no ring)
                                (no ring)

@: spider-form, resistant
A: venomous fangs, almost no armour, (amphibious), 8 rings, tiny, (camouflage
1), (gelatinous body 1), (nimble swimmer 1), (tentacles)
a: End Transformation


You were on level 3 of the Dungeon.
You were a venomous arachnid creature.
You visited 1 branch of the dungeon, and saw 3 of its levels.

You collected 712 gold pieces.

Inventory:

Jewellery
 a - a ring of poison resistance (left front leg)
 c - a +6 ring of intelligence (right front leg)
Scrolls
 e - a scroll of enchant weapon
Potions
 g - a potion of heal wounds {unknown}


   Skills:
 * Level 1.6 Fighting
 - Level 2.0 Dodging
 + Level 3.7 Unarmed Combat
 * Level 2.7 Spellcasting
 * Level 2.7 Transmutations


You had 4 spell levels left.
You knew the following spells:

 Your Spells              Type           Power      Damage    Failure   Level
a - Beastly Appendage     Tmut           30%        N/A       13%         1
b - Spider Form           Tmut/Pois      9%         N/A       41%         3

Your spell library contained the following spells:

 Spells                   Type           Power      Damage    Failure   Level
 Wereblood                Tmut           15%        N/A       17%         2
 Ice Form                 Ice/Tmut       9%         N/A       77%         4


Dungeon Overview and Level Annotations

Branches:
Dungeon (3/15)

Altars:
Cheibriados
Sif Muna
Yredelemnul
Zin


Innate Abilities, Weirdness & Mutations

You are a venomous arachnid creature.
You have poisonous fangs.
You are tiny and dextrous.
Your spellcasting is less reliable in this form.
Your armour is entirely melded.
You are incapable of wielding weapons or throwing items.
You cannot wear most types of armour.
((You are amphibious.))
You can wear up to eight rings at the same time.
((Your skin changes colour to match your surroundings (Stealth+).))
((Your rubbery body absorbs attacks. (AC +1, EV +1)))
((You are camouflaged near water. (Stealth+)))
((You have tentacles for arms and can constrict up to eight enemies at once.))


Message History

You miscast Spider Form.
You are very lightly contaminated with residual magic.
Nothing appears to happen.
The orc hits you with a +0 flail! The orc misses you.
Unknown command.
You tentacle-slap the orc. Your grab misses the orc.
The orc is moderately wounded.
The orc hits you with a +0 flail! The orc hits you with a +0 club.
* * * LOW HITPOINT WARNING * * *
The orc priest calls upon Beogh to heal the orc.
The orc's wounds heal themselves!
Unknown command.
You feel better. The orc closely misses you.
The orc hits you but does no damage.
Unknown command.
Casting: Spider Form (quite dangerous; 21% risk of failure)
Confirm with . or Enter, or press ? or * to list all spells.
The spell is quite dangerous to miscast (21% risk of failure)!
Continue anyway?
Your tentacle spike disappears.
You turn into a venomous arachnid creature.
The orc barely misses you. The orc hits you with a +0 club.
Unknown command.
You barely miss the orc.
Unknown command.
The orc misses you.
You feel protected. The orc misses you.
Okay, then.
You feel better. The orc hits you with a +0 flail! The orc barely misses you.
Your magical contamination has completely faded away.
Unknown command.
The orc priest calls down the wrath of Beogh upon you.
Beogh smites you!
* * * LOW HITPOINT WARNING * * *
The orc misses you.
The orc throws a boomerang.
The boomerang completely misses you.
Unknown command.
The orc priest invokes the aid of Beogh against you.
Beogh smites you!
You die...

#.##### #########......
###......##..####
#........##......
###........##..####
..............†.# ..
##.......###..#.## ...
#'................ ....
###s.......###......
....####..o..............#.
.......#.o.o......###....#.
.......#.o......### #......
.......#......#.## #....##
........o........####(...##
........................>..
#....?.#......).........###
#......#.(..............#


You could see an orc priest and 4 orcs.

Vanquished Creatures
  Natasha (D:2)
  2 worms (D:2)
  2 dart slugs (D:2)
  4 bats
  An endoplasm (D:2)
  2 giant cockroaches (D:2)
  2 goblins (D:2)
  2 jackals (D:1)
  3 kobolds
  4 quokkas
  5 ball pythons
  A frilled lizard (D:2)
  3 rats (D:2)
32 creatures vanquished.

Vanquished Creatures (others)
  5 plants (D:2)
5 creatures vanquished.

Grand Total: 37 creatures vanquished

Notes
Turn   | Place    | Note
-------+----------+-------------------------------------------
     0 | D:1      | ytrimaz the Octopode Transmuter began the quest for the
                  | Orb.
     0 | D:1      | Reached XP level 1. HP: 13/13 MP: 3/3
   441 | D:1      | Reached XP level 2. HP: 16/18 MP: 1/5
  1248 | D:2      | Identified a scroll of acquirement
  1248 | D:2      | Acquired 656 gold pieces
  1329 | D:2      | Reached XP level 3. HP: 20/23 MP: 6/6
  1843 | D:2      | Noticed Natasha
  1857 | D:2      | Learned a level 3 spell: Spider Form
  1869 | D:2      | Killed Natasha
  1870 | D:2      | Reached XP level 4. HP: 23/28 MP: 4/7
  2259 | D:3      | Found a snail-covered altar of Cheibriados.
  2259 | D:3      | Found a shimmering blue altar of Sif Muna.
  2259 | D:3      | Found a basalt altar of Yredelemnul.
  2259 | D:3      | Found a glowing silver altar of Zin.
  2451 | D:3      | Killed from afar by an orc priest

Illustrated notes

Levels and vault maps discovered:
D:1:      minmay_arrival_widening_spiral_wide, layout_rooms, serial_forest,
          infiniplex_forest_lined_ring, infiniplex_forest_clump_large,
          infiniplex_forest_lined_2, infiniplex_forest_lined_3,
          infiniplex_forest_clump_tiny, minmay_misc_feat_pillars
D:2:      layout_basic, guppyfry_early_lair_pool, uniq_natasha
D:3:      layout_basic, grunt_temple_overflow_open,
          shapermc_ecumenical_altar_acropolis, nicolae_elevator_lobby_asterisk

Action                   |  1- 3 |  4- 6 || total
-------------------------+-------+-------++-------
Melee: Unarmed           |    74 |    16 ||    90
       Constrict         |    20 |     2 ||    22
       Tentacles         |    13 |     1 ||    14
       Kick              |     9 |       ||     9
       Punch             |     1 |       ||     1
 Cast: Beastly Appendage |    11 |     2 ||    13
       Spider Form       |     1 |     2 ||     3
  Use: Scroll            |     5 |     1 ||     6
       Potion            |     1 |     3 ||     4
 Stab: Sleeping          |     4 |       ||     4
Armor: Skin              |     8 |     2 ||    10
Dodge: Dodged            |    66 |    18 ||    84

Table legend: (Time is in decaauts)
 A = Elapsed time spent in this place.
 B = Non-inter-level travel time spent in this place.
 C = Inter-level travel time spent in this place.
 D = Time resting spent in this place.
 E = Time spent auto-exploring this place.
 F = Levels seen in this place.
 G = Mean time per level.
                   A        B        C        D        E       F      G
               +--------+--------+--------+--------+--------+-----+--------+
         Total |   2424 |   2375 |     49 |      0 |   2024 |   3 |  808.0 |
       Dungeon |   2424 |   2375 |     49 |      0 |   2024 |   3 |  808.0 |
               +--------+--------+--------+--------+--------+-----+--------+

Top non-repeatable levels by time:
     D:2: 1412 daAuts
     D:1: 821 daAuts
     D:3: 191 daAuts
